 Dungeon Crawl Stone Soup version 0.30.0-10-gfe55d96785 (webtiles) character file.

Game seed: 13383290913786020238

231859 PoweredByGinger the Impregnable (level 18, -24/182 HPs)
             Began as a Minotaur Berserker on May 15, 2023.
             Was a High Priest of Trog.
             Annihilated by a caustic shrike simulacrum (42 damage)
             ... summoned by an orange crystal statue
             ... in an ice cave on May 16, 2023.
             The game lasted 01:09:02 (34654 turns).

PoweredByGinger the Impregnable (MiBe)             Turns: 34654, Time: 01:09:06

Health: -24/182    AC: 32    Str: 31    XL:     18   Next: 80%
Magic:  17/17      EV: 17    Int:  9    God:    Trog [*****.]
Gold:   735        SH:  0    Dex: 14    Spells: 17/17 levels left

rFire   . . .        a - +2 battleaxe (venom)
rCold   . . .        (shield currently unavailable)
rNeg    . . .        w - +0 plate armour
rPois   +            (helmet restricted)
rElec   +            Q - +4 cloak "Zaxul" {Str+2 Int+3 Dex-2}
rCorr   .            i - +0 pair of gloves
SInv    .            g - +2 pair of boots {Fly}
Will    +....        S - amulet of regeneration Stlth
                     K - +6 ring of intelligence
HPRegen 1.30/turn    D - ring of Quacvac {rElec rPois Int-4 Dex+5}
MPRegen 0.15/turn

%: no passive effects
@: flying, slowed, studying Ranged Weapons, very slow
A: horns 2, retaliatory headbutt
}: 1/15 runes: serpentine
a: Renounce Religion, Berserk, Trog's Hand, Brothers in Arms


You were in an ice cave.
You worshipped Trog.
Trog was extremely pleased with you.
You visited 8 branches of the dungeon, and saw 30 of its levels.
You visited 1 bazaar.
You also visited: Ice Cave.

You collected 4358 gold pieces.
You spent 3623 gold pieces at shops.

Inventory:

Hand Weapons
 a - a +2 battleaxe of venom (weapon)
 b - the +11 dagger of Disorder {flame, *Noise rPois rCorr}
   (You took it off a deep elf pyromancer on level 12 of the Dungeon)

   rPois:     It protects you from poison.
   *Noise:    It may make noises in combat.
   rCorr:     It protects you from acid and corrosion.
 v - a +3 executioner's axe
 C - a +2 antimagic battleaxe
Missiles
 j - 48 poisoned darts
 q - 2 throwing nets (quivered)
 O - 7 curare-tipped darts
Armour
 g - a +2 pair of boots of flying (worn)
 i - a +0 pair of gloves (worn)
 w - a +0 plate armour (worn)
 Q - the +4 cloak "Zaxul" (worn) {Str+2 Int+3 Dex-2}
   (You found it on level 9 of the Dungeon)

   Str:       It affects your strength (+2).
   Int:       It affects your intelligence (+3).
   Dex:       It affects your dexterity (-2).
Jewellery
 m - the ring of Taj Xavev {Fly Will+ Str+6 Int-5 Dex+2}
   (You found it on level 12 of the Dungeon)

   [ring of strength]

   Str:       It affects your strength (+6).
   Int:       It affects your intelligence (-5).
   Dex:       It affects your dexterity (+2).
   Fly:       It grants you flight.
   Will:      It increases your willpower.
 D - the ring of Quacvac (right hand) {rElec rPois Int-4 Dex+5}
   (You found it on level 6 of the Dungeon)

   [ring of poison resistance]

   Int:       It affects your intelligence (-4).
   Dex:       It affects your dexterity (+5).
   rElec:     It insulates you from electricity.
   rPois:     It protects you from poison.
 K - a +6 ring of intelligence (left hand)
 M - an amulet of reflection
 S - an amulet of regeneration (around neck)
 T - the ring "Laivvio" {Fire Will+ Dex+2}
   (You found it on level 10 of the Dungeon)

   [ring of fire]

   It enhances your fire magic.
   Dex:       It affects your dexterity (+2).
   rF:        It protects you from fire.
   rC:        It makes you vulnerable to cold.
   Will:      It increases your willpower.
Wands
 o - a wand of paralysis (23)
 z - a wand of quicksilver (18)
 I - a wand of roots (22)
 J - a wand of flame (19)
 N - a wand of digging (6)
 Y - a wand of mindburst (2)
Scrolls
 c - 10 scrolls of teleportation
 f - 3 scrolls of butterflies
 h - 5 scrolls of magic mapping
 k - 7 scrolls of fear
 l - 5 scrolls of silence
 u - 5 scrolls of enchant weapon
 y - 8 scrolls of poison
 A - 4 scrolls of immolation
 B - 6 scrolls of blinking
 E - 8 scrolls of fog
 L - a scroll of enchant armour
 R - 2 scrolls of brand weapon
 W - 7 scrolls of identify
Potions
 d - 2 potions of lignification
 e - a potion of ambrosia
 n - 4 potions of magic
 p - 19 potions of curing
 r - 3 potions of flight
 t - 5 potions of haste
 x - 3 potions of mutation
 F - 6 potions of resistance
 G - 7 potions of might
 H - 3 potions of cancellation
 U - 2 potions of berserk rage
 X - 7 potions of attraction
 Z - 3 potions of heal wounds
Miscellaneous
 P - a phantom mirror
 V - a lightning rod (4/4)


   Skills:
 + Level 21.1 Fighting
 - Level 21.8 Axes
 + Level 22.7 Armour
 * Level 18.2 Dodging
 - Level 3.0 Stealth


You had 17 spell levels left.
You didn't know any spells.
Your spell library was empty.

Dungeon Overview and Level Annotations

Branches:
Dungeon (15/15)            Temple (1/1) D:4            Lair (5/5) D:11
 Shoals (1/4) Lair:2        Snake (4/4) Lair:3        Slime (0/5) Lair:5
    Orc (2/2) D:9             Elf (0/3) Orc:2        Vaults (1/5) D:14
 Depths (1/4) D:15          IceCv (1/1)

Altars:
Ashenzari
Cheibriados
Dithmenos
Elyvilon
Fedhas
Gozag
Hepliaklqana
Kikubaaqudgha
Makhleb
Nemelex Xobeh
Okawaru
Qazlal
Ru
Sif Muna
Trog
Uskayaw
Vehumet
Wu Jian
Xom
Yredelemnul
Zin
The Shining One

Shops:
D:5 [   D:9 *   D:13 (   D:15 =   Orc:2 ?[*?   Snake:1 (=::   Snake:2 :
Vaults:1 (?

Annotations:
D:15 36 runed doors IceCv exclusion: orange crystal statue


Innate Abilities, Weirdness & Mutations

You have a pair of horns on your head.
You reflexively headbutt those who attack you in melee.


Message History

The freezing wraith closely misses you. The freezing wraith hits you!
The freezing wraith drains your vigour!
You feel yourself slow down.
The caustic shrike simulacrum claws you but does no damage.
You closely miss the caustic shrike simulacrum.
The caustic shrike simulacrum is severely damaged.
You hit the freezing wraith but do no damage.
The caustic shrike simulacrum closely misses you.
You furiously retaliate!
You headbutt the caustic shrike simulacrum!
The freezing wraith hits you but does no damage.
The freezing wraith hits you. The freezing wraith drains your vigour!
You feel as though you will be slow longer.
The caustic shrike simulacrum claws you but does no damage.
You hit the caustic shrike simulacrum.
Your headbutt misses the caustic shrike simulacrum.
The caustic shrike simulacrum is almost destroyed.
You hit the freezing wraith but do no damage.
The caustic shrike simulacrum claws you.
The caustic shrike simulacrum freezes you!!!
The freezing wraith closely misses you. The freezing wraith hits you.
The caustic shrike simulacrum claws you but does no damage.
You barely miss the caustic shrike simulacrum.
You headbutt the caustic shrike simulacrum, but do no damage.
The caustic shrike simulacrum is almost destroyed.
You slice the freezing wraith!!
You open the golden dragon simulacrum like a pillowcase!!!
The caustic shrike simulacrum barely misses you.
The freezing wraith hits you. The freezing wraith freezes you!!
The freezing wraith misses you.
The golden dragon simulacrum closely misses you.
You furiously retaliate!
You headbutt the golden dragon simulacrum!
The golden dragon simulacrum claws you!
The golden dragon simulacrum freezes you!!!
* * * LOW HITPOINT WARNING * * *
The golden dragon simulacrum closely misses you.
The caustic shrike simulacrum claws you!
* * * LOW HITPOINT WARNING * * *
The caustic shrike simulacrum freezes you!!!
You die...

############# #######
##.....#[(:..## ##.....#
#......#[.....###......#
.......#.......#.......#
...........W......∩..∩.#
.......#...Z@..#.......#
#....W.#...Z..###......#
##....8#).)..## ##.....#
############# #######


You could see a freezing wraith (summoned), a golden dragon simulacrum
(summoned) and a caustic shrike simulacrum (summoned).

Vanquished Creatures
  Saint Roka (Snake:3)
  Jorgrun (D:15)
  2 sphinxes
  The ghost of Sagen the Devastator, an adept DrCj of Vehumet (Snake:1)
  Kirke (D:13)
  3 nagarajas
  3 vault wardens (Vaults:1)
  7 ironbound preservers (Vaults:1)
  An orc warlord (Vaults:1)
  4 very ugly things
  4 dire elephants (Vaults:1)
  Azrael (D:13)
  An ironbound thunderhulk (Vaults:1)
  2 fire dragons
  An ettin (Orc:1)
  2 great orbs of eyes (Vaults:1)
  Josephine (Lair:5)
  An entropy weaver (Vaults:1)
  8 hydras
  Fannar (Lair:1)
  4 yaktaur captains
  6 salamander tyrants
  A rakshasa (D:12)
  4 vault guards
  6 ogre magi
  Erica (Orc:1)
  12 anacondas
  8 centaur warriors
  A death knight (D:13)
  6 tengu warriors
  4 boulder beetles
  25 two-headed ogres
  3 death yaks
  19 naga warriors
  Urug (D:11)
  12 shock serpents
  2 orc high priests
  13 naga sharpshooters
  A skyshark (Lair:4)
  A fire crab (D:14)
  6 salamander mystics
  10 skeletal warriors
  15 deep trolls (Vaults:1)
  A swamp dragon (Lair:5)
  5 naga ritualists
  A lindwurm (Lair:5)
  6 wizards
  3 orc knights
  6 mana vipers
  3 orc sorcerers
  An anaconda skeleton (Snake:4)
  3 ironbound convokers (Vaults:1)
  4 deep elf pyromancers
  A harpy (shapeshifter) (D:12)
  A wolf spider (D:14)
  A necromancer (D:15)
  8 cyclopes
  31 salamanders
  5 manticores
  9 elephants
  15 ugly things
  3 vault sentinels (Vaults:1)
  A centaur zombie (D:15)
  10 guardian serpents
  30 black mambas
  19 naga magi
  A torpor snail (Lair:1)
  2 gargoyles
  A spectral sea snake (Snake:4)
  A rime drake (Lair:5)
  5 cane toads
  Psyche (D:12)
  9 yaktaurs
  10 komodo dragons
  An efreet (D:13)
  An unseen horror (D:11)
  A komodo dragon (shapeshifter) (D:15)
  2 spectral nagas (Snake:4)
  A sea snake skeleton (Snake:4)
  2 tengu conjurers
  2 anaconda simulacra (IceCv)
  4 freezing wraiths
  10 trolls
  3 polar bears
  A merfolk (Shoals:1)
  A meliai (shapeshifter) (D:12)
  A spectral guardian serpent (Snake:4)
  A tarantella (shapeshifter) (D:14)
  20 blink frogs
  14 dream sheep
  A harpy skeleton (D:15)
  A culicivora (Vaults:1)
  3 centaur simulacra
  21 slime creatures
  3 shadows
  30 yaks
  5 dire elephant simulacra (IceCv)
  2 guardian serpent skeletons (Snake:4)
  6 wraiths
  A spriggan (Lair:3)
  9 basilisks
  11 wyverns
  2 fire elementals (D:13)
  Eustachio (D:5)
  5 hogs (D:13)
  20 humans (D:14)
  Grum (D:11)
  2 sea snake simulacra (Snake:4)
  6 steam dragons
  10 vampire mosquitoes
  2 harpy simulacra (IceCv)
  A warg (Snake:3)
  6 acid dragons
  A hydra simulacrum (IceCv)
  49 nagas
  8 water moccasins
  2 hell hounds (D:13)
  3 naga skeletons (Snake:4)
  3 guardian serpent simulacra (Snake:4)
  24 orc warriors
  A swamp drake (Lair:5)
  An ice beast (D:7)
  A sky beast (D:7)
  44 ogres
  2 alligator simulacra (IceCv)
  4 black bears
  9 centaurs
  21 wolves
  4 kobold brigands
  11 bullfrogs
  A gnoll sergeant (D:9)
  2 scorpions
  3 wights (D:8)
  4 killer bees (D:10)
  An electric eel (Lair:1)
  6 howler monkeys
  3 jellies
  2 hounds (D:5)
  16 orc priests
  8 iguanas
  Ijyb (D:3)
  A sleepcap (D:8)
  22 orc wizards
  A boggart zombie (D:15)
  7 gnolls
  2 naga simulacra (Snake:4)
  4 adders
  An ufetubus (D:5)
  A worm (D:2)
  A dart slug (D:1)
  86 orcs
  6 ball pythons
  4 bats
  4 endoplasms
  2 giant cockroaches
  5 goblins
  7 hobgoblins
  4 jackals
  2 quokkas
  5 frilled lizards
  8 kobolds
  6 rats
1032 creatures vanquished.

Vanquished Creatures (collateral kills)
  A cane toad (Lair:4)
  A freezing wraith (IceCv)
  A golden dragon simulacrum (IceCv)
  A blink frog (Lair:5)
  A wraith (Lair:5)
  2 basilisks (Lair:5)
  A hydra simulacrum (IceCv)
8 creatures vanquished.

Vanquished Creatures (others)
  A salamander mystic (Snake:4)
  A basilisk (Lair:5)
  A human (D:13)
3 creatures vanquished.

Grand Total: 1043 creatures vanquished

Notes
Turn   | Place    | Note
-------+----------+-------------------------------------------
     0 | D:1      | PoweredByGinger the Minotaur Berserker began the quest for
                  | the Orb.
     0 | D:1      | Reached XP level 1. HP: 19/19 MP: 0/0
    24 | D:1      | Reached XP level 2. HP: 18/27 MP: 1/1
   273 | D:1      | Reached XP level 3. HP: 27/33 MP: 2/2
   564 | D:2      | Reached skill level 3 in Armour
   661 | D:2      | Reached ** piety under Trog
   931 | D:2      | Reached XP level 4. HP: 40/40 MP: 3/3
  1390 | D:3      | Noticed Ijyb
  1394 | D:3      | Paralysed by Ijyb for 4 turns
  1402 | D:3      | Paralysed by Ijyb for 4 turns
  1407 | D:3      | Killed Ijyb
  1408 | D:3      | Reached skill level 5 in Axes
  2083 | D:4      | Reached XP level 5. HP: 44/47 MP: 4/4
  2170 | D:4      | Found a staircase to the Ecumenical Temple.
  2192 | Temple   | Entered the Ecumenical Temple
  2523 | D:4      | Reached skill level 4 in Armour
  2524 | D:4      | Reached XP level 6. HP: 20/55 MP: 5/5
  2758 | D:5      | Entered Level 5 of the Dungeon
  2799 | D:5      | Reached skill level 5 in Fighting
  3048 | D:5      | Found Itostigo's Armour Shop.
  3074 | D:5      | Bought a +0 plate armour for 253 gold pieces
  3092 | D:5      | Noticed Eustachio
  3098 | D:5      | Killed Eustachio
  3099 | D:5      | Reached XP level 7. HP: 61/61 MP: 6/6
  3231 | D:5      | Reached skill level 5 in Armour
  3644 | D:6      | Identified the ring of Quacvac {rElec rPois Int-4 Dex+5}
  4227 | D:7      | Reached XP level 8. HP: 70/70 MP: 7/7
  4283 | D:7      | Reached skill level 5 in Dodging
  4424 | D:7      | Reached *** piety under Trog
  4476 | D:7      | Reached skill level 6 in Armour
  4558 | D:7      | Found an iron altar of Okawaru.
  4558 | D:7      | Found a bloodstained altar of Trog.
  5399 | D:8      | Reached XP level 9. HP: 76/78 MP: 8/8
  5739 | D:8      | Reached skill level 7 in Armour
  5970 | D:9      | Noticed a two-headed ogre
  6084 | D:8      | Reached skill level 10 in Axes
  6159 | D:9      | Killed a two-headed ogre
  6190 | D:9      | Noticed a two-headed ogre
  6197 | D:8      | Killed a two-headed ogre
  6198 | D:8      | Reached skill level 8 in Armour
  6522 | D:9      | Reached XP level 10. HP: 81/90 MP: 9/9
  6873 | D:9      | Noticed a two-headed ogre
  6883 | D:9      | Killed a two-headed ogre
  6996 | D:9      | Noticed a +0 hand axe
  6997 | D:9      | Noticed a +0 hand axe
  7000 | D:9      | Found a hide-covered altar of Uskayaw.
  7242 | D:9      | Identified the +4 cloak "Zaxul" {Str+2 Int+3 Dex-2}
  7560 | D:9      | Found a staircase to the Orcish Mines.
  7688 | D:9      | Found Egaffujetz's Overcharged Wands.
  7833 | D:9      | Reached skill level 9 in Armour
  8442 | D:10     | Entered Level 10 of the Dungeon
  8459 | D:10     | Identified the +3 long sword of the Elven Halls {venom,
                  | Contam rC- Str+5 Int+4}
  8633 | D:10     | Reached **** piety under Trog
  8644 | D:10     | Reached XP level 11. HP: 96/99 MP: 10/10
  8962 | D:10     | Identified the +3 leather armour of Lachrymose Music
                  | {Contam Fly rElec Str-5}
  9204 | D:10     | Reached skill level 10 in Fighting
  9214 | D:10     | Identified the ring "Laivvio" {Fire Will+ Dex+2}
  9629 | D:11     | Noticed a two-headed ogre
  9639 | D:11     | Killed a two-headed ogre
  9808 | D:11     | Noticed a green ugly thing
  9813 | D:11     | Killed a green ugly thing
 10425 | D:11     | Noticed Urug
 10433 | D:11     | Killed Urug
 10434 | D:11     | Reached skill level 10 in Armour
 10501 | D:11     | Noticed Grum
 10534 | D:11     | Killed Grum
 10620 | D:11     | Found a staircase to the Lair.
 10826 | D:12     | Noticed Psyche
 10845 | D:12     | Killed Psyche
 11005 | Lair:1   | Entered Level 1 of the Lair of Beasts
 11746 | Lair:1   | Reached skill level 15 in Axes
 11885 | Lair:1   | Reached XP level 12. HP: 100/110 MP: 11/11
 11933 | Lair:1   | Reached skill level 10 in Dodging
 12001 | Lair:1   | Noticed Fannar
 12015 | Lair:1   | Killed Fannar
 12016 | Lair:1   | Reached skill level 11 in Armour
 12462 | Lair:2   | You fall into a shaft and drop 2 floors!
 12462 | Lair:4   | Noticed a seven-headed hydra
 12477 | Lair:4   | Killed a nine-headed hydra
 13003 | Lair:2   | Reached skill level 12 in Armour
 13292 | Lair:2   | Noticed a death yak
 13292 | Lair:2   | Noticed a death yak
 13300 | Lair:2   | Noticed a death yak
 13310 | Lair:1   | Killed a death yak
 13311 | Lair:1   | Killed a death yak
 13312 | Lair:1   | Reached XP level 13. HP: 118/119 MP: 12/12
 13643 | Lair:2   | Found a staircase to the Shoals.
 14089 | Lair:3   | Found a staircase to the Snake Pit.
 14096 | Lair:3   | Reached ***** piety under Trog
 14998 | Lair:4   | Received a gift from Trog
 15527 | Lair:5   | Entered Level 5 of the Lair of Beasts
 15651 | Lair:5   | Reached skill level 13 in Armour
 15778 | Lair:5   | Found a staircase to the Slime Pits.
 15996 | Lair:5   | Identified the +0 chain mail of the Fiddle {Dex+3}
 16037 | Lair:5   | Noticed Josephine
 16047 | Lair:5   | Killed Josephine
 16409 | Lair:5   | Noticed a fire dragon
 16420 | Lair:5   | Killed a fire dragon
 16421 | Lair:5   | Reached XP level 14. HP: 130/130 MP: 13/13
 16954 | Orc:1    | Entered Level 1 of the Orcish Mines
 17026 | Orc:1    | Noticed Erica
 17033 | Orc:1    | Killed Erica
 17290 | Orc:2    | Entered Level 2 of the Orcish Mines
 17566 | Orc:2    | Reached skill level 14 in Armour
 17862 | Orc:2    | Found Odduegi's Armour Shop.
 17862 | Orc:2    | Found Kigi's Magic Scroll Shoppe.
 17863 | Orc:2    | Found Tuyzaet's Magic Scroll Emporium.
 17863 | Orc:2    | Found Siecaj's Assorted Antiques.
 17873 | Orc:2    | Bought a scroll of teleportation for 51 gold pieces
 17873 | Orc:2    | Bought a scroll of teleportation for 51 gold pieces
 17875 | Orc:2    | Bought a scroll of acquirement for 728 gold pieces
 17875 | Orc:2    | Bought a scroll of identify for 28 gold pieces
 17875 | Orc:2    | Bought a scroll of identify for 28 gold pieces
 17875 | Orc:2    | Bought a scroll of identify for 28 gold pieces
 17875 | Orc:2    | Bought a scroll of identify for 28 gold pieces
 17875 | Orc:2    | Bought a scroll of identify for 28 gold pieces
 17875 | Orc:2    | Bought a scroll of magic mapping for 105 gold pieces
 17875 | Orc:2    | Acquired 1182 gold pieces
 17884 | Orc:2    | Bought a scroll of identify for 58 gold pieces
 17884 | Orc:2    | Bought a scroll of fear for 116 gold pieces
 17884 | Orc:2    | Bought a potion of cancellation for 232 gold pieces
 17884 | Orc:2    | Bought a smoky red potion for 26 gold pieces
 17885 | Orc:2    | Bought a scroll of poison for 68 gold pieces
 17885 | Orc:2    | Bought a scroll of enchant weapon for 127 gold pieces
 17885 | Orc:2    | Bought a scroll of fear for 68 gold pieces
 17885 | Orc:2    | Bought a scroll of magic mapping for 127 gold pieces
 17886 | Orc:2    | Bought a +2 pair of boots of flying for 365 gold pieces
 17899 | Orc:2    | Found a staircase to the Elven Halls.
 19263 | D:12     | Identified the +11 dagger of Disorder {flame, *Noise rPois
                  | rCorr}
 19301 | D:12     | Reached XP level 15. HP: 122/139 MP: 14/14
 19315 | D:12     | Found a runed translucent door.
 19315 | D:12     | Found a runed translucent door.
 19323 | D:12     | Identified the ring of Taj Xavev {Fly Will+ Str+6 Int-5
                  | Dex+2}
 19407 | D:12     | Reached skill level 15 in Fighting
 20445 | D:12     | Reached skill level 15 in Armour
 20491 | D:13     | Noticed Kirke
 20504 | D:13     | Killed Kirke
 20552 | D:13     | Found Basezoadd's Antique Weapon Emporium.
 20607 | D:13     | Found a sparkling altar of Nemelex Xobeh.
 20646 | D:13     | Reached ****** piety under Trog
 20657 | D:13     | Received a gift from Trog
 20707 | D:13     | Identified the +4 whip of the Irksome God {freeze, rF+
                  | rCorr Int-3}
 20896 | D:13     | Noticed Azrael
 20905 | D:13     | Killed Azrael
 21877 | D:14     | Noticed a sphinx
 21888 | D:14     | Killed a sphinx
 21951 | D:14     | Found a glowing silver altar of Zin.
 22153 | D:14     | Identified the +4 rapier of Nemelex Xobeh's Grace {freeze,
                  | rElec Dex+3}
 22559 | D:14     | Reached XP level 16. HP: 151/151 MP: 15/15
 22586 | D:14     | Found a gate to the Vaults.
 22901 | D:14     | Identified the +1 leather armour "Tahek" {-Tele rPois rF+
                  | Regen+ Int+4}
 22997 | D:15     | Entered Level 15 of the Dungeon
 23006 | D:15     | Found Qateadiy's Jewellery Shop.
 23052 | D:15     | Found a huge runed gate.
 23052 | D:15     | Found a huge runed gate.
 23052 | D:15     | Found a huge runed gate.
 23054 | D:15     | Found a huge runed gate.
 23055 | D:15     | Found a huge runed gate.
 23055 | D:15     | Found a huge runed gate.
 23055 | D:15     | Found a huge runed gate.
 23055 | D:15     | Found a huge runed gate.
 23055 | D:15     | Found a huge runed gate.
 23089 | D:15     | Found a huge runed gate.
 23090 | D:15     | Found a huge runed gate.
 23091 | D:15     | Found a huge runed gate.
 23092 | D:15     | Found a huge runed gate.
 23093 | D:15     | Found a huge runed gate.
 23102 | D:15     | Found a huge runed gate.
 23102 | D:15     | Found a huge runed gate.
 23102 | D:15     | Found a huge runed gate.
 23102 | D:15     | Found a huge runed gate.
 23102 | D:15     | Found a huge runed gate.
 23103 | D:15     | Found a huge runed gate.
 23104 | D:15     | Found a huge runed gate.
 23105 | D:15     | Found a huge runed gate.
 23106 | D:15     | Found a huge runed gate.
 23114 | D:15     | Found a huge runed gate.
 23114 | D:15     | Found a huge runed gate.
 23114 | D:15     | Found a huge runed gate.
 23114 | D:15     | Found a huge runed gate.
 23114 | D:15     | Found a huge runed gate.
 23114 | D:15     | Found a huge runed gate.
 23115 | D:15     | Found a huge runed gate.
 23116 | D:15     | Found a huge runed gate.
 23117 | D:15     | Found a huge runed gate.
 23125 | D:15     | Found a huge runed gate.
 23125 | D:15     | Found a huge runed gate.
 23125 | D:15     | Found a huge runed gate.
 23125 | D:15     | Found a huge runed gate.
 23149 | D:15     | Reached skill level 16 in Armour
 23152 | D:15     | Received a gift from Trog
 23398 | D:15     | Identified the +5 ring mail of the Valley of Death {Str+3
                  | Dex+3 Stlth-}
 23571 | D:15     | Noticed Jorgrun
 23578 | D:15     | Killed Jorgrun
 23778 | D:15     | Found a staircase to the Depths.
 24073 | Snake:1  | Entered Level 1 of the Snake Pit
 24090 | Snake:1  | Found a runed translucent door.
 24090 | Snake:1  | Noticed Sagen's ghost (adept DrCj)
 24181 | Snake:1  | Found Giro's Book Emporium.
 24182 | Snake:1  | Found Mutheaso's Jewellery Shop.
 24183 | Snake:1  | Found Ockoav's Book Emporium.
 24193 | Snake:1  | Bought a manual of Armour for 880 gold pieces
 24442 | Snake:1  | Found Qeozaf's Antique Weapon Boutique.
 24478 | Snake:1  | Reached skill level 17 in Armour
 24926 | Snake:1  | Reached skill level 18 in Armour
 25100 | Snake:1  | Killed Sagen's ghost
 25415 | Snake:2  | Reached skill level 19 in Armour
 25571 | Snake:2  | Received a gift from Trog
 25851 | Snake:2  | Reached skill level 20 in Armour
 26019 | Snake:2  | Found Ukesed's Book Shop.
 26206 | Snake:2  | Reached skill level 21 in Armour
 26311 | Snake:3  | Found a flickering gateway to a bazaar.
 26323 | Bazaar   | Entered a bazaar
 26328 | Bazaar   | Found Tahiarit's Book Shop.
 26342 | Bazaar   | Found Xiusy's Jewellery Shop.
 26841 | Snake:3  | Noticed Saint Roka
 26868 | Snake:3  | Killed Saint Roka
 27022 | Snake:3  | Reached XP level 17. HP: 161/161 MP: 16/16
 27095 | Snake:3  | Reached skill level 22 in Armour
 27171 | Snake:3  | Received a gift from Trog
 28565 | Snake:4  | Entered Level 4 of the Snake Pit
 28915 | Snake:4  | Found a hazy altar of Hepliaklqana.
 29469 | Snake:4  | Reached skill level 1 in Stealth
 29564 | Snake:4  | Reached skill level 15 in Dodging
 29847 | Snake:4  | Received a gift from Trog
 29859 | Snake:4  | Identified the +3 shortbow of Conflict {heavy, rN+++ Will-
                  | Dex-5 Stlth+}
 30778 | Snake:4  | Received a gift from Trog
 31161 | Snake:4  | Reached XP level 18. HP: 148/178 MP: 17/17
 31210 | Snake:4  | Got a serpentine rune of Zot
 31684 | Depths:1 | Entered Level 1 of the Depths
 31791 | Vaults:1 | Entered Level 1 of the Vaults
 31795 | Vaults:1 | Found Cepsay's Weapon Emporium.
 31982 | Vaults:1 | Found Siwaev's Magic Scroll Shoppe.
 31990 | Vaults:1 | Bought 3 scrolls of fog for 228 gold pieces
 33171 | Vaults:1 | Received a gift from Trog
 34157 | Shoals:1 | Entered Level 1 of the Shoals
 34157 | Shoals:1 | Found a frozen archway.
 34166 | Shoals:1 | Acquired a manual of Ranged Weapons
 34173 | IceCv    | Entered an ice cave
 34388 | IceCv    | Found the +4 skin of Zhor {*Englaciate rC+++ SInv}
 34654 | IceCv    | Annihilated by a caustic shrike simulacrum

Illustrated notes

Levels and vault maps discovered:
D:1:      dpeg_arrival_stone_temple_mockup, layout_basic, serial_bayou_pond_e
D:2:      layout_rooms, bh_walls_and_bars
D:3:      layout_basic, uniq_ijyb
D:4:      layout_rooms, minmay_temple_entry_fiery
D:5:      layout_loops_cross, serial_shops, shop, uniq_eustachio
D:6:      layout_rooms, grunt_decor_mini_mirrors, minmay_holes,
          nicolae_nh_ransacked_shop
D:7:      layout_rooms, grunt_temple_overflow_bloody_war,
          hangedman_decor_clover_reticule
D:8:      layout_rooms, minmay_stone_trees_large, hangedman_abyss_or_decor_slice
D:9:      layout_stronghold, dancing_weapons_uskayaw,
          kennysheep_orc_monster_closet_entryway, nicolae_shop_overcharged_wands
D:10:     layout_basic
D:11:     layout_irregular_city, erik_lair_dragon, uniq_grum, uniq_urug
D:12:     minmay_the_grid_triangle_9x9_rhombus_thin_mashed
          [minmay_the_grid_triangle_9x9_tough_junction,
          minmay_the_grid_triangle_9x9_prize_insulated,
          minmay_the_grid_triangle_9x9_impossible_snake,
          minmay_the_grid_triangle_9x9_zippers_vertical], layout_cave_pods,
          lightli_corner_chamber, uniq_psyche
D:13:     layout_roguey, serial_shops, shop, drop_trap,
          nemelex_lonely_heart_becter, uniq_azrael, uniq_kirke
D:14:     minmay_expanding_squares, layout_loops_cross,
          grunt_vaults_entry_tiered, zin_angel, serial_bayou_lagoon_a
D:15:     grunt_enter_depths_magical_seal, layout_loops_ring, serial_shops,
          nicolae_shop_tiny_statue_garden, hangedman_abyss_or_decor_stagger,
          door_vault, uniq_jorgrun
Temple:   nicolae_temple_bog_church
Lair:1:   layout_regular_city, nicolae_volcano_entry_hallway, serial_forest,
          infiniplex_forest_clump_cross, infiniplex_forest_straight_4,
          infiniplex_forest_straight_4, infiniplex_forest_join,
          infiniplex_forest_clump_small, infiniplex_forest_lined_2,
          gammafunk_lair_bear_cave, uniq_fannar
Lair:2:   layout_chaotic_city, minmay_shoals_entry_centaurs
Lair:3:   layout_small_grid, nicolae_snake_entry_squirm, st_stairs_6,
          grunt_forest_stairs_clearing, grunt_megastairs_1
Lair:4:   layout_misc_corridors
Lair:5:   guppyfry_lair_end_dragon, layout_hall_layers,
          minmay_slime_entry_pillars, uniq_josephine
Shoals:1: layout_shoals, portal_ice_cave_entry_pillars_2, uniq_donald
Snake:1:  layout_concentric_octagons, serial_shops, nicolae_shop_waterfront,
          hellmonk_ghost_happy_afterlife, drop_trap,
          nicolae_snake_gridmaze_big_u, minmay_shop_grove
Snake:2:  layout_basic, serial_shops, nicolae_shop_hallway_plus,
          nicolae_snake_squiggles, grunt_megastairs_2, serial_bayou_shore_b
Snake:3:  layout_layer_cave, serial_shops, bzr_firewalk,
          nicolae_triple_integral, uniq_saint_roka
Snake:4:  grunt_snake_rune_pools, layout_basic, basic_altar,
          nicolae_snake_the_dead_are_slithering, serial_bayou_shore_b
Orc:1:    layout_diamond_mine, uniq_erica
Orc:2:    st_orc_ogre_mass, layout_caves
Vaults:1: hangedman_vaults_stagger, v_misc_28, v_pattern_2,
          nicolae_vaults_big_angled_halls, vaults_room_octagon,
          nicolae_vaults_closet_pinwheel_6, v_alt_pattern_4,
          nicolae_vaults_taking_the_gang_shopping, nicolae_vaults_shelves_hall,
          nicolae_vaults_house_2, layout_vaults_big_cross, serial_shops,
          nicolae_shop_hallway_stairs
Depths:1: layout_gridlike, hellmouth_1, minmay_misc_feat_encased,
          nicolae_danse_macabre, minmay_shoptagon
IceCv:    ice_cave_statue_garden_chambered

Skill      XL: |  1  2  3  4  5  6  7  8  9 10 11 12 13 14 15 16 17 18 |
---------------+-------------------------------------------------------+-----
Axes           | 4 5 6 7 9 11 13 15 16 18 20 21 | 21.8
Fighting       | 4 5 6 7 8 9 11 12 13 14 16 17 19 21 | 21.1
Armour         | 3 4 5 6 8 9 10 12 13 14 15 21 22 | 22.7
Dodging        | 3 4 6 7 8 9 11 12 13 14 16 18 | 18.2
Stealth        | 3 |  3.0

Action                     |  1- 3 |  4- 6 |  7- 9 | 10-12 | 13-15 | 16-18 || total
---------------------------+-------+-------+-------+-------+-------+-------++-------
  Melee: Hand axe          |    63 |    76 |   216 |   105 |       |       ||   460
         Headbutt          |     6 |    17 |    41 |    93 |   225 |   343 ||   725
         Punch             |       |       |     3 |     1 |       |       ||     4
         Battleaxe         |       |       |       |   322 |   906 |  1327 ||  2555
         Flail             |       |       |       |       |     6 |       ||     6
         Dagger            |       |       |       |       |    22 |       ||    22
  Throw: Dart              |       |       |     2 |       |       |       ||     2
 Invoke: Berserk           |       |     6 |    11 |    19 |    23 |    14 ||    73
         Trog's Hand       |       |       |       |     3 |     5 |     5 ||    13
         Brothers in Arms  |       |       |       |     1 |     2 |     1 ||     4
  Evoke: Wand              |       |       |       |     4 |     1 |     4 ||     9
    Use: Scroll            |       |       |       |    10 |    17 |     7 ||    34
         Potion            |       |       |       |     3 |     1 |     2 ||     6
   Stab: Distracted        |       |       |       |     1 |       |     1 ||     2
 Armour: Animal skin       |     8 |       |       |       |       |       ||     8
         Leather armour    |     7 |     7 |       |       |       |       ||    14
         Ring mail         |       |    20 |       |       |       |       ||    20
         Plate armour      |       |     2 |   111 |   274 |   496 |   639 ||  1522
  Dodge: Dodged            |    51 |    45 |    85 |   232 |   593 |   740 ||  1746
